 Dungeon Crawl Stone Soup version 0.27-a0-604-g29a88b33a7 (webtiles) character file.

Game seed: 13523386609989555130

24461 robertstho the Whirler (level 13, 0/94 HPs)
             Began as a Halfling Hunter on Mar 12, 2021.
             Was a High Priest of Okawaru.
             Slain by a boulder beetle (40 damage)
             ... on level 3 of the Lair of Beasts.
             The game lasted 00:27:11 (17883 turns).

robertstho the Whirler (Halfling Hunter)           Turns: 17883, Time: 00:27:11

Health: 0/94       AC: 20    Str: 16    XL:     13   Next: 43%
Magic:  18/18      EV: 19    Int:  9    God:    Okawaru [*****.]
Gold:   652        SH: 13    Dex: 17    Spells: 12/12 levels left

rFire    . . .     SeeInvis .   G - +0 fustibalus (vorpal)
rCold    . . .     Faith    .   b - +0 buckler
rNeg     + . .     Spirit   .   O - +0 swamp dragon scales
rPois    +         Reflect  +   Q - +0 helmet
rElec    .         Harm     .   V - +1 cloak
rCorr    +         Rampage  .   o - +1 pair of gloves
Will     .....                  s - +2 pair of boots
Stlth    +++++.....             i - amulet of reflection
HPRegen  0.25/turn              d - ring of positive energy
MPRegen  0.16/turn              w - ring of resist corrosion

@: heroic
A: small, mutation resistance 1
a: Renounce Religion, Heroism, Finesse


You were on level 3 of the Lair of Beasts.
You worshipped Okawaru.
Okawaru was extremely pleased with you.
You visited 3 branches of the dungeon, and saw 15 of its levels.
You also visited: Sewer.

You collected 652 gold pieces.

Inventory:

Hand Weapons
 m - a +1 spear of venom
 D - a +2 vampiric falchion
 G - a +0 vorpal fustibalus (weapon)
 P - a +1 long sword of draining
 T - a +2 scimitar of flaming
Missiles
 c - 39 sling bullets (quivered ammo)
 f - 343 stones
Armour
 b - a +0 buckler (worn)
 n - a +0 leather armour of fire resistance
 o - a +1 pair of gloves (worn)
 s - a +2 pair of boots (worn)
 O - +0 swamp dragon scales (worn)
 Q - a +0 helmet (worn)
 V - a +1 cloak (worn)
Jewellery
 d - a ring of positive energy (right hand)
 i - an amulet of reflection (around neck)
 j - a ring of protection from fire
 w - a ring of resist corrosion (left hand)
 U - a ring of magical power
Wands
 q - a wand of paralysis (4)
 K - a wand of mindburst (3)
 L - a wand of polymorph (8)
 N - a wand of iceblast (5)
Scrolls
 a - a scroll of vulnerability {unknown}
 e - 4 scrolls of enchant weapon
 g - 3 scrolls of blinking
 h - a scroll of identify
 k - 6 scrolls of teleportation
 y - 2 scrolls of enchant armour
 H - a scroll of fog
 M - 2 scrolls of magic mapping
 R - 2 scrolls of immolation
Potions
 l - 5 potions of ambrosia {unknown}
 p - 4 potions of mutation
 t - 4 potions of magic {unknown}
 u - a potion of might {unknown}
 z - a potion of lignification {unknown}
 A - 7 potions of curing
 C - a potion of berserk rage
 F - 6 potions of flight


   Skills:
 * Level 10.9(15.9) Fighting
 + Level 0.7(5.7) Polearms
 * Level 17.9(22.9) Slings
 + Level 5.2(10.2) Armour
 + Level 5.0(10.0) Dodging
 * Level 9.2(14.2) Stealth
 + Level 5.2(10.2) Shields
 * Level 7.1 Invocations
 + Level 1.2 Evocations


You had 12 spell levels left.
You didn't know any spells.
Your spell library contained the following spells:

 Spells                   Type           Power      Damage    Failure   Level
 Apportation              Tloc           0%         N/A       56%         1
 Sting                    Tmut/Pois      0%         1d3       56%         1
 Poisonous Vapours        Pois/Air       0%         N/A       71%         2
 Ignite Poison            Fire/Tmut/Pois 0%         N/A       90%         3
 Lesser Beckoning         Tloc           0%         N/A       90%         3
 Mephitic Cloud           Conj/Pois/Air  0%         N/A       90%         3
 Tukima's Dance           Hex            0%         N/A       90%         3
 Olgreb's Toxic Radiance  Pois           0%         N/A       100%        4
 Alistair's Intoxication  Tmut/Pois      0%         N/A       100%        5
 Bolt of Magma            Conj/Fire/Erth 0%         4d4       100%        5
 Fireball                 Conj/Fire      0%         3d3       100%        5
 Iskenderun's Battlesphe  Conj           0%         2d6       100%        5
 Invisibility             Hex            0%         N/A       100%        6
 Iron Shot                Conj/Erth      0%         9d1       100%        6
 Starburst                Conj/Fire      0%         8x6d3     100%        6
 Orb of Destruction       Conj           0%         N/A       100%        7
 Spellforged Servitor     Conj/Summ      0%         N/A       100%        7
 Ignition                 Fire           0%         3d3       100%        8


Dungeon Overview and Level Annotations

Branches:
Dungeon (11/15)            Temple (1/1) D:7            Lair (3/6) D:8
 Shoals (0/4) Lair:2       Spider (0/4) Lair:2        Sewer (visited)
    Orc: D:9-12

Altars:
Ashenzari
Cheibriados
Dithmenos
Elyvilon
Fedhas
Gozag
Hepliaklqana
Kikubaaqudgha
Makhleb
Nemelex Xobeh
Okawaru
Qazlal
Ru
Sif Muna
Trog
Uskayaw
Vehumet
Wu Jian
Xom
Yredelemnul
Zin
The Shining One


Innate Abilities, Weirdness & Mutations

You are small and have problems with some larger weapons.
You are somewhat resistant to further mutation.


Message History

The boulder beetle curls into a ball and begins rolling!
Fire: 45 sling bullets
Press: ? - help, Q - select action, (/) - cycle Shift-Dir - straight line, f/p - boulder beetle
Aim: a boulder beetle (almost dead, 92% to hit)
You shoot a sling bullet.
The sling bullet hits the boulder beetle but does no damage.
The boulder beetle is almost dead.
Fire: 44 sling bullets
Press: ? - help, Q - select action, (/) - cycle Shift-Dir - straight line, f/p - boulder beetle
Aim: a boulder beetle (almost dead, 92% to hit)
You shoot a sling bullet.
The sling bullet hits the boulder beetle.
The boulder beetle is almost dead.
Fire: 43 sling bullets
Press: ? - help, Q - select action, (/) - cycle Shift-Dir - straight line, f/p - boulder beetle
Aim: a boulder beetle (almost dead, 92% to hit)
You shoot a sling bullet.
The sling bullet hits the boulder beetle!
The boulder beetle is almost dead.
Unknown command.
Fire: 42 sling bullets
Press: ? - help, Q - select action, (/) - cycle Shift-Dir - straight line, f/p - boulder beetle
Aim: a boulder beetle (almost dead, 92% to hit)
You shoot a sling bullet.
The sling bullet hits the boulder beetle but does no damage.
The boulder beetle is almost dead.
Fire: 41 sling bullets
Press: ? - help, Q - select action, (/) - cycle Shift-Dir - straight line, f/p - boulder beetle
Aim: a boulder beetle (almost dead, 92% to hit)
You shoot a sling bullet.
The sling bullet hits the boulder beetle but does no damage.
The boulder beetle is almost dead.
Fire: 40 sling bullets
Press: ? - help, Q - select action, (/) - cycle Shift-Dir - straight line, f/p - boulder beetle
Aim: a boulder beetle (almost dead, 92% to hit)
You shoot a sling bullet.
The sling bullet hits the boulder beetle but does no damage.
The boulder beetle is almost dead.
The boulder beetle hits you!!!
You die...

.#..# ##...P..##......P....
.....##....##.............#
.......†..........P.P###...
...................P## #..#
...(...............# #...
.$............##.#. #...
.##.#(.....#### #.#
......°....# ##
...(..((°B@## .........(##
.....#..(# ....#..(# ...
#..(# .. #.(.# #.(. #.(.


You could see a boulder beetle.

Vanquished Creatures
  Gastronok (D:10)
  Harold (Lair:2)
  Erica (D:9)
  A centaur warrior (D:11)
  A two-headed ogre (D:9)
  Joseph (D:7)
  A black mamba (Lair:2)
  8 cane toads
  Maggie (D:9)
  8 komodo dragons
  A queen bee (Lair:2)
  2 hornets (D:11)
  Prince Ribbit (D:9)
  4 blink frogs (Lair:2)
  A shadow (D:11)
  A wyvern (Lair:2)
  A vampire (D:10)
  23 yaks
  Menkaure (D:4)
  4 wargs (D:10)
  Edmund (D:6)
  6 water moccasins
  9 orc warriors
  2 ice beasts (D:11)
  4 ogres
  6 sky beasts
  5 black bears
  11 wolves
  An eye of draining (D:10)
  7 centaurs
  2 phantoms (D:9)
  A kobold brigand (Sewer)
  11 bullfrogs
  Blork the orc (D:6)
  A water moccasin skeleton (D:8)
  2 scorpions
  25 killer bees
  A wight (D:8)
  7 electric eels
  2 howler monkeys
  2 centaur zombies
  2 quasits
  A jelly (D:8)
  6 orc priests
  A gnoll shaman (D:10)
  5 hounds
  Crazy Yiuf (D:3)
  2 bullfrog skeletons (D:11)
  A centaur skeleton (D:7)
  Jessica (D:2)
  Terence (D:3)
  6 iguanas
  10 orc wizards
  5 worker ants
  2 worker ant zombies
  11 adders
  5 gnolls (D:10)
  2 shadow imps
  A white imp (D:8)
  2 ufetubi
  2 oozes
  An adder zombie (D:5)
  4 adder skeletons
  7 worms
  A dart slug (D:1)
  3 leopard geckos
  31 orcs
  7 giant cockroaches
  8 goblins
  9 hobgoblins
  18 jackals
  3 quokkas
  2 ball pythons
  10 bats
  4 frilled lizards
  2 jackal skeletons
  6 kobolds
  A leopard gecko skeleton (D:6)
  15 rats
369 creatures vanquished.

Vanquished Creatures (others)
  A two-headed ogre (D:8)
  A sky beast (D:9)
  A centaur (D:8)
  2 ogres (D:8)
  A bullfrog (D:8)
  A scorpion (D:8)
  A hound (D:8)
  A giant cockroach (D:8)
  53 fungi
  81 plants
143 creatures vanquished.

Grand Total: 512 creatures vanquished

Notes
Turn   | Place    | Note
-------+----------+-------------------------------------------
     0 | D:1      | robertstho the Halfling Hunter began the quest for the Orb.
     0 | D:1      | Reached XP level 1. HP: 14/14 MP: 1/1
   119 | D:1      | Reached skill level 6 in Slings
   130 | D:1      | Reached XP level 2. HP: 19/19 MP: 2/2
   431 | D:1      | Reached XP level 3. HP: 24/24 MP: 3/3
   905 | D:2      | Found a white marble altar of Elyvilon.
   907 | D:2      | Found a sparkling altar of Nemelex Xobeh.
   909 | D:2      | Found an ornate altar of the Wu Jian Council.
   909 | D:2      | Found a basalt altar of Yredelemnul.
   929 | D:2      | Reached skill level 7 in Slings
   952 | D:2      | Found a shimmering blue altar of Sif Muna.
   965 | D:2      | Reached XP level 4. HP: 29/29 MP: 4/4
  1336 | D:2      | Noticed Jessica
  1339 | D:2      | Killed Jessica
  1340 | D:2      | Reached XP level 5. HP: 35/35 MP: 5/5
  1359 | D:2      | Found a sacrificial altar of Ru.
  1401 | D:2      | Reached skill level 8 in Slings
  1616 | D:3      | Noticed Terence
  1633 | D:3      | Killed Terence
  2032 | D:3      | Reached XP level 6. HP: 41/41 MP: 6/6
  2054 | D:3      | Reached skill level 9 in Slings
  2615 | D:3      | Found a runed translucent door.
  2616 | D:3      | Noticed Crazy Yiuf
  2629 | D:3      | Killed Crazy Yiuf
  3204 | D:4      | Noticed Menkaure
  3228 | D:4      | Killed Menkaure
  3229 | D:4      | Reached XP level 7. HP: 27/46 MP: 7/7
  3578 | D:4      | Found an opulent altar of Gozag.
  3969 | D:5      | Entered Level 5 of the Dungeon
  4003 | D:5      | Reached skill level 1 in Armour
  4103 | D:5      | Reached skill level 10 in Slings
  4460 | D:5      | Reached XP level 8. HP: 52/54 MP: 8/8
  4638 | D:5      | Reached skill level 11 in Slings
  5866 | D:6      | Noticed Edmund
  5872 | D:6      | Noticed Blork the orc
  5909 | D:6      | Killed Edmund
  5914 | D:6      | Killed Blork the orc
  5956 | D:6      | Found a glowing drain.
  6002 | Sewer    | Entered a sewer
  6111 | Sewer    | Reached skill level 12 in Slings
  6187 | Sewer    | Found a white marble altar of Elyvilon.
  6696 | D:6      | Reached XP level 9. HP: 40/59 MP: 9/9
  7145 | D:7      | Noticed Joseph
  7158 | D:7      | Killed Joseph
  7159 | D:7      | Reached skill level 5 in Fighting
  7159 | D:7      | Reached skill level 1 in Shields
  7283 | D:7      | Reached skill level 13 in Slings
  7346 | D:7      | Found a staircase to the Ecumenical Temple.
  7355 | Temple   | Entered the Ecumenical Temple
  7412 | Temple   | Became a worshipper of Warmaster Okawaru
  7559 | D:7      | Reached skill level 5 in Stealth
  7966 | D:7      | Found a hazy altar of Hepliaklqana.
  8196 | D:8      | Killed a two-headed ogre
  8497 | D:8      | Reached skill level 1 in Invocations
  8557 | D:8      | Reached * piety under Okawaru
  8577 | D:8      | Reached XP level 10. HP: 54/68 MP: 11/11
  8603 | D:8      | Found a shimmering altar of Xom.
  8627 | D:8      | Noticed a komodo dragon
  8628 | D:8      | Found a staircase to the Lair.
  8639 | D:8      | Killed a komodo dragon
  8641 | D:8      | Reached skill level 14 in Slings
  8972 | D:8      | Found a glowing golden altar of the Shining One.
  8986 | D:8      | Found a snail-covered altar of Cheibriados.
  8989 | D:8      | Found a radiant altar of Vehumet.
  9003 | D:8      | Found a shimmering altar of Xom.
  9499 | D:8      | Reached ** piety under Okawaru
  9934 | D:9      | Noticed Erica
  9938 | D:9      | Paralysed by something for 3 turns
  9939 | D:9      | Noticed Prince Ribbit
  9947 | D:9      | Noticed Maggie
  9957 | D:9      | Killed Maggie
 10321 | D:9      | Paralysed by Erica for 6 turns
 10335 | D:9      | Killed Erica
 10505 | D:9      | Identified the +10 rapier of Compound Interest {chaos,
                  | Stlth+}
 10597 | D:9      | Killed Prince Ribbit
 10676 | D:9      | Reached XP level 11. HP: 75/75 MP: 13/13
 10723 | D:9      | Noticed a two-headed ogre
 10733 | D:9      | Killed a two-headed ogre
 10734 | D:9      | Reached skill level 15 in Slings
 10950 | D:9      | Reached *** piety under Okawaru
 11499 | D:10     | Entered Level 10 of the Dungeon
 13108 | D:10     | Noticed Gastronok
 13152 | D:10     | HP: 3/78 [Gastronok/the air (18)]
 13155 | D:10     | Killed Gastronok
 13155 | D:10     | Reached **** piety under Okawaru
 13155 | D:10     | Received a gift from Okawaru
 13156 | D:10     | Reached skill level 5 in Invocations
 13156 | D:10     | Reached skill level 1 in Evocations
 13779 | D:11     | Reached skill level 16 in Slings
 13860 | D:11     | Reached XP level 12. HP: 85/85 MP: 15/15
 14120 | D:11     | Received a gift from Okawaru
 14238 | D:11     | Noticed a centaur warrior
 14256 | D:11     | Killed a centaur warrior
 14672 | Lair:1   | Entered Level 1 of the Lair of Beasts
 14715 | D:8      | Received a gift from Okawaru
 15113 | Lair:1   | Reached ***** piety under Okawaru
 15269 | Lair:1   | Received a gift from Okawaru
 15371 | Lair:1   | Reached skill level 10 in Fighting
 15877 | Lair:2   | Reached skill level 17 in Slings
 16129 | Lair:2   | Reached skill level 5 in Armour
 16343 | Lair:2   | Reached XP level 13. HP: 92/92 MP: 17/17
 16357 | Lair:2   | Found a staircase to the Shoals.
 16439 | Lair:2   | Identified the +1 chain mail of the Nexus {Rampage Will+
                  | Int+3}
 16489 | Lair:2   | Noticed Harold
 16498 | Lair:2   | Killed Harold
 16528 | Lair:2   | Found a hole to the Spider Nest.
 16663 | Lair:2   | Received a gift from Okawaru
 17191 | Lair:2   | Reached skill level 5 in Shields
 17245 | Lair:2   | Reached skill level 5 in Dodging
 17841 | Lair:3   | Noticed a boulder beetle
 17883 | Lair:3   | Slain by a boulder beetle

Illustrated notes

Levels and vault maps discovered:
D:1:      zelgadis_glass_arrival_small, layout_basic, minmay_tromino_i2
D:2:      layout_basic, lemuel_coloured_pillars_altar,
          grunt_temple_overflow_open, uniq_jessica
D:3:      layout_loops_ring, uniq_crazy_yiuf_cottage, uniq_terence
D:4:      layout_loops_ring, old_standard_altar, uniq_menkaure
D:5:      layout_layer_cave
D:6:      layout_basic, portal_sewer_entry_a, uniq_blork_the_orc, uniq_edmund
D:7:      layout_loops_corners, overflow_temple_1_default,
          minmay_temple_entry_junction_2, uniq_joseph
D:8:      layout_basic, grunt_temple_overflow_cloverleaf,
          due_lair_maze_entry_diamond, serial_bayou, serial_bayou_crossing,
          serial_bayou_shore_a, serial_bayou_shore_b, serial_bayou_pond_a,
          xom_confusion_cloud
D:9:      layout_irregular_city, kennysheep_kite_vault, uniq_prince_ribbit1,
          uniq_maggie, uniq_erica
D:10:     layout_stronghold, nooodl_orcs_dogs, uniq_gastronok
D:11:     layout_irregular_city
Temple:   zaba_magenta_temple
Lair:1:   layout_misc_corridors
Lair:2:   layout_misc_corridors, shoals_dummy_entry, spider_nest_entry_a,
          special_room [special_room_bee], beast_lair_carwin_9,
          grunt_megastairs_4, uniq_harold
Lair:3:   lemuel_slime, layout_gridlike, nzn_sisyphean_effort

Skill      XL: |  1  2  3  4  5  6  7  8  9 10 11 12 13 |
---------------+----------------------------------------+-----
Slings         | 6 7 8 9 10 12 13 14 16 17 | 17.9
Fighting       | 2 3 4 6 7 9 10 | 10.9
Stealth        | 2 3 4 5 6 7 8 9 |  9.2
Armour         | 1 2 3 4 5 |  5.2
Shields        | 1 2 3 4 5 |  5.2
Invocations    | 1 3 5 6 7 |  7.1
Dodging        | 3 4 5 |  5.0
Evocations     | 1 |  1.2
Polearms       | |  0.7

Action                   |  1- 3 |  4- 6 |  7- 9 | 10-12 | 13-15 || total
-------------------------+-------+-------+-------+-------+-------++-------
Melee: Spear             |       |       |    14 |    30 |       ||    44
 Fire: Hunting sling     |    85 |   269 |   435 |   785 |       ||  1574
       Fustibalus        |       |       |       |   169 |   264 ||   433
Invok: Heroism           |       |       |       |     9 |     1 ||    10
Evoke: Wand              |       |       |     1 |    10 |       ||    11
  Use: Scroll            |       |     6 |     7 |     8 |       ||    21
       Potion            |       |       |     1 |     4 |       ||     5
Armor: Leather armour    |     2 |    10 |    43 |    21 |       ||    76
       Swamp dragon scal |       |       |       |    75 |    36 ||   111
Dodge: Dodged            |    14 |    51 |    51 |   190 |    66 ||   372
Block: Other             |       |     3 |       |       |       ||     3
       Buckler           |       |       |    60 |   225 |    80 ||   365
       Reflection        |       |       |     8 |     3 |     1 ||    12

Table legend: (Time is in decaauts)
 A = Elapsed time spent in this place.
 B = Non-inter-level travel time spent in this place.
 C = Inter-level travel time spent in this place.
 D = Time resting spent in this place.
 E = Time spent auto-exploring this place.
 F = Levels seen in this place.
 G = Mean time per level.
                   A        B        C        D        E       F      G
               +--------+--------+--------+--------+--------+-----+--------+
         Total |  17356 |  16609 |    747 |   1258 |  12639 |  16 | 1084.8 |
       Dungeon |  14356 |  13679 |    677 |   1258 |  10279 |  11 | 1305.1 |
        Temple |     74 |     57 |     17 |      0 |     54 |   1 |   74.0 |
          Lair |   2678 |   2626 |     52 |      0 |   2088 |   3 |  892.7 |
         Sewer |    247 |    247 |      0 |      0 |    217 |   1 |  247.0 |
               +--------+--------+--------+--------+--------+-----+--------+

Top non-repeatable levels by time:
     D:8: 2416 daAuts
    D:10: 1978 daAuts
     D:5: 1642 daAuts
  Lair:2: 1635 daAuts
     D:9: 1442 daAuts
     D:3: 1314 daAuts
     D:6: 1034 daAuts
    D:11: 1006 daAuts
     D:4: 992 daAuts
     D:7: 942 daAuts
     D:2: 867 daAuts
     D:1: 720 daAuts
  Lair:1: 717 daAuts
  Lair:3: 325 daAuts
   Sewer: 247 daAuts
